 Dungeon Crawl Stone Soup version 0.30-a0-847-g17996783a1 (webtiles) character file.

Game seed: 16371912494162859997

783 ders the Ducker (level 8, -2/50 HPs)
             Began as a Djinni Conjurer on Mar 3, 2023.
             Slain by a river rat (6 damage)
             ... summoned by Eustachio
             ... on level 4 of the Dungeon.
             The game lasted 00:09:44 (5720 turns).

ders the Ducker (Djinni Conjurer)                   Turns: 5720, Time: 00:09:44

Health: -2/50      AC:  6    Str:  6    XL:     8   Next: 11%
Gold:   162        EV: 14    Int: 22    God:
                   SH:  0    Dex: 12

rFire   + + .      SeeInvis .    o - staff of air
rCold   x . .      Faith    .    (no shield)
rNeg    + . .      Spirit   .    t - +1 robe of Tazxah {+Inv}
rPois   ∞          Reflect  .    (no helmet)
rElec   +          Rampage  .    n - +2 cloak
rCorr   .                        (no gloves)
Will    .....                    (boots unavailable)
Stlth   +++                      (no amulet)
HPRegen 0.28/turn                b - ring of positive energy
MPRegen 0.00/turn                (no ring)

@: flying, very slightly contaminated
A: sickness immunity, fire resistance 2, cold vulnerability 1, float, innate
caster, HP casting, extra vitality 1
a: Evoke Invisibility


You were on level 4 of the Dungeon.
You visited 1 branch of the dungeon, and saw 4 of its levels.
You also visited: Ossuary.

You collected 162 gold pieces.

Inventory:

Armour
 a - a +0 robe
 f - a +2 crystal plate armour
 n - a +2 cloak (worn)
 t - the +1 robe of Tazxah (worn) {+Inv}
   (You found it on level 3 of the Dungeon)

   +Inv:      It lets you turn invisible.
Magical Staves
 c - a staff of earth
 o - a staff of air (weapon)
Jewellery
 b - a ring of positive energy (left hand)
 s - a ring of protection from fire
Wands
 q - a wand of polymorph (5)
Scrolls
 d - a scroll of acquirement {unknown}
 e - 2 scrolls of silence
 g - 3 scrolls of magic mapping
 m - 2 scrolls of teleportation
 x - a scroll of identify
 y - a scroll of amnesia {unknown}
 z - a scroll of blinking {unknown}
Potions
 h - a potion of lignification
 i - a potion of mutation {unknown}
 j - a potion of curing {unknown}
 k - 4 potions of flight
 l - 2 potions of haste
 p - a potion of cancellation {unknown}
 r - 2 potions of resistance
 u - a potion of degeneration {unknown}
 v - a potion of ambrosia {unknown}
 w - a potion of magic {unknown}


   Skills:
 + Level 5.7 Dodging
 + Level 4.6 Stealth
 + Level 4.9 Spellcasting


You knew the following spells:

 Your Spells              Type           Power      Damage    Failure   Level
a - Magic Dart            Conj           100%       1d8       1%          1
b - Searing Ray           Conj           54%        2d6       1%          2
c - Dazzling Flash        Conj/Hex       54%        N/A       4%          3
d - Fulminant Prism       Conj/Hex       13%        3d9       13%         4
e - Iskenderun's Mystic   Conj/Tloc      27%        2d7       13%         4
f - Freeze                Ice            100%       1d10      1%          1
g - Static Discharge      Conj/Air       82%        2-6/arc   1%          2
h - Spider Form           Tmut/Pois      27%        N/A       4%          3
Your spell library was empty.

Dungeon Overview and Level Annotations

Branches:
Dungeon (4/15)            Ossuary (visited)
 Temple: D:4-7

Altars:

Shops:
D:1 *   D:4 [(

Annotations:
D:4 Eustachio


Innate Abilities, Weirdness & Mutations

You are immune to sickness and miasma.
You are immune to poison.
Your flesh is very heat resistant. (rF++)
You are vulnerable to cold. (rC-)
You float through the air rather than walking.
You learn spells naturally, not from books.
Your magical power is your life essence.
You have superior vitality. (+4 MHP)


Message History

Aiming: Magic Dart (safe; 1% risk of failure)
Press: ? - help, Shift-Dir - straight line, f/p - Eustachio
Aim: Eustachio, wielding a +0 falchion, wearing a +3 leather armour of poison resistance and wearing an amulet of faith (severely wounded, 100% to hit)
The magic dart hits the shadow imp but does no damage.
Unknown command.
Eustachio gestures wildly while chanting.
The shadow imp grinds its teeth.
Casting: Magic Dart (safe; 1% risk of failure)
Confirm with . or Enter, or press ? or * to list all spells.
Aiming: Fulminant Prism (quite dangerous; 13% risk of failure)
Press: ? - help, Dir - move target, p - Eustachio You conjure a prism of explosive energy!
A fulminant prism comes into view.
The shadow imp hits your fulminant prism.
Your fulminant prism crackles loudly.
The shadow imp hits your fulminant prism.
Eustachio casts a spell.
Eustachio blinks!
Your fulminant prism explodes!
The blast of energy engulfs the shadow imp!
You kill the shadow imp!
The shadow imp disappears in a puff of smoke!
The blast of energy engulfs the shadow imp!
You kill the shadow imp!
The shadow imp disappears in a puff of smoke!
The bat hits you but does no damage. The bat barely misses you.
The bat hits you. The bat barely misses you. The bat attacks as you move away!
The bat closely misses you. x2
Casting: Fulminant Prism (quite dangerous; 13% risk of failure)
Confirm with . or Enter, or press ? or * to list all spells.
Aiming: Fulminant Prism (quite dangerous; 13% risk of failure)
Press: ? - help, Dir - move target You miscast Fulminant Prism.
You are very lightly contaminated with residual magic.
Energy rips through your body!
* * * LOW HITPOINT WARNING * * *
x2 The bat barely misses you.
The river rat attacks as you move away! The river rat bites you.
You die...

###.##.........#...........#####.
#...##........##............# #.
#..###†..#......#.........### #.
##.##...#####...#.........#### #.
##......#.#..................####
#...##..............÷...##.......
##†##.....#.<..........###.......
#..###................## #.......
##..#..........>@...### #.......
#............r.br..### ##(......
##...................###........
#...##........................#
##...#(.###...........#.#......
#...#.###...........####....⌠.
##..#.....@.#[.....###.#.....~
###.....#....##................~
##......##....#..........###....~


You could see Eustachio, 2 river rats and a bat (summoned).

Vanquished Creatures
  Duvessa (D:4)
  2 scorpions (D:4)
  Dowan (D:4)
  A howler monkey (D:4)
  2 hounds (D:4)
  3 orc priests
  An orc wizard (D:4)
  13 mummies (Ossuary)
  An adder (D:4)
  A worm (D:2)
  8 dart slugs
  8 orcs
  4 bats
  13 endoplasms
  6 goblins
  5 hobgoblins
  11 jackals
  9 kobolds
  A quokka (D:2)
  7 ball pythons
  2 frilled lizards
  2 gnoll skeletons (Ossuary)
  A goblin skeleton (Ossuary)
  2 kobold skeletons (Ossuary)
  3 orc skeletons (Ossuary)
  8 rats
  11 rat skeletons (Ossuary)
127 creatures vanquished.

Vanquished Creatures (others)
  16 fulminant prisms
16 creatures vanquished.

Grand Total: 143 creatures vanquished

Notes
Turn   | Place    | Note
-------+----------+-------------------------------------------
     0 | D:1      | ders the Djinni Conjurer began the quest for the Orb.
     0 | D:1      | ders set off with the following spells memorised: Magic
                  | Dart, Searing Ray, Dazzling Flash, Fulminant Prism,
                  | Iskenderun's Mystic Blast.
     0 | D:1      | Reached XP level 1. HP: 15/15 MP: 0/0
   128 | D:1      | Upgraded the game from 0.30-a0-845-g7c6808c8ce to
                  | 0.30-a0-847-g17996783a1
   130 | D:1      | Found Noelimp's Assorted Antiques.
   148 | D:1      | Reached XP level 2. HP: 18/21 MP: 0/0
   597 | D:1      | Reached XP level 3. HP: 23/25 MP: 0/0
   597 | D:1      | Learned a level 1 spell: Freeze
   625 | D:1      | Found a faded altar of an unknown god.
   957 | D:2      | Reached skill level 3 in Dodging
  1407 | D:2      | Reached XP level 4. HP: 30/31 MP: 0/0
  2160 | D:3      | Reached XP level 5. HP: 8/35 MP: 0/0
  2160 | D:3      | Learned a level 2 spell: Static Discharge
  2714 | D:3      | Identified the +1 robe of Tazxah {+Inv}
  3111 | D:4      | Reached skill level 4 in Dodging
  3119 | D:4      | Found a sand-covered staircase.
  3137 | Ossuary  | Entered an ossuary
  3236 | Ossuary  | Reached XP level 6. HP: 35/40 MP: 0/0
  4410 | D:4      | Reached XP level 7. HP: 11/45 MP: 0/0
  4410 | D:4      | Learned a level 3 spell: Spider Form
  4679 | D:4      | Reached skill level 5 in Dodging
  4928 | D:4      | Found Gasch's Antique Armour Boutique.
  4932 | D:4      | Noticed Duvessa
  4940 | D:4      | Noticed Dowan
  4947 | D:4      | Killed Duvessa
  4947 | D:4      | HP: 2/45 [Dowan/+0 dagger (1)]
  5314 | D:4      | Reached XP level 8. HP: 43/50 MP: 0/0
  5390 | D:4      | Found Nikaejaso's Weapon Shop.
  5504 | D:4      | Killed Dowan
  5672 | D:4      | Noticed Eustachio
  5720 | D:4      | Slain by a river rat

Illustrated notes

Levels and vault maps discovered:
D:1:      lightli_arrival_lavapool, layout_basic, serial_shops,
          nicolae_shop_overgrown_old_shop,
          shapermc_ecumenical_altar_mp_urbaneastern
D:2:      layout_loops_ring, kennysheep_generic_room_4
D:3:      minmay_general_purpose_star, layout_basic
D:4:      layout_cave_pools, kiku_gazebo_pond_becter,
          nicolae_ossuary_entry_monument, serial_shops,
          nicolae_shop_window_shopping, kennysheep_mini, uniq_duvessa,
          uniq_eustachio

Skill      XL: |  1  2  3  4  5  6  7 |
---------------+----------------------+-----
Stealth        | 2 3 4 |  4.6
Dodging        | 3 4 5 |  5.7
Spellcasting   | 4 |  4.9

Action                     |  1- 3 |  4- 6 |  7- 9 || total
---------------------------+-------+-------+-------++-------
  Melee: Staff             |       |       |     2 ||     2
   Cast: Magic Dart        |    82 |   162 |    44 ||   288
         Searing Ray       |     7 |    42 |     6 ||    55
         Fulminant Prism   |       |     2 |    14 ||    16
         Iskenderun's Myst |       |       |    14 ||    14
    Use: Scroll            |       |    12 |     2 ||    14
         Potion            |       |       |     2 ||     2
 Armour: Robe              |     1 |     4 |     8 ||    13
         Skin              |       |       |     3 ||     3
  Dodge: Dodged            |     5 |    27 |    28 ||    60

Table legend: (Time is in decaauts)
 A = Elapsed time spent in this place.
 B = Non-inter-level travel time spent in this place.
 C = Inter-level travel time spent in this place.
 D = Time resting spent in this place.
 E = Time spent auto-exploring this place.
 F = Levels seen in this place.
 G = Mean time per level.
                   A        B        C        D        E       F      G
               +--------+--------+--------+--------+--------+-----+--------+
         Total |   5735 |   5419 |    316 |   1258 |   3392 |   5 | 1147.0 |
       Dungeon |   4481 |   4165 |    316 |    903 |   2690 |   4 | 1120.2 |
       Ossuary |   1253 |   1253 |      0 |    355 |    702 |   1 | 1253.0 |
               +--------+--------+--------+--------+--------+-----+--------+

Top non-repeatable levels by time:
     D:3: 1835 daAuts
 Ossuary: 1253 daAuts
     D:2: 914 daAuts
     D:4: 898 daAuts
     D:1: 833 daAuts
